 Dungeon Crawl Stone Soup version 0.30-a0-365-ge7f957f1db (webtiles) character file.

Game seed: 1047922444750160903

23 HolyTactitian the Trooper (level 3, 0/24 HPs)
             Began as a Gargoyle Monk on Nov 16, 2022.
             Slain by an adder (2 damage)
             ... on level 2 of the Dungeon.
             The game lasted 00:03:30 (727 turns).

HolyTactitian the Trooper (Gargoyle Monk)            Turns: 727, Time: 00:03:31

Health: 0/24       AC:  5    Str: 16    XL:     3   Next: 0%
Magic:  3/3        EV: 12    Int: 10    God:
Gold:   44         SH:  0    Dex: 12    Spells: 2/2 levels left

rFire   . . .      SeeInvis .    a - +0 mace
rCold   . . .      Faith    .    (no shield)
rNeg    + . .      Spirit   .    b - +0 robe
rPois   ∞          Reflect  .    (no helmet)
rElec   +          Harm     .    (no cloak)
rCorr   .          Rampage  .    (no gloves)
Will    .....                    (no boots)
Stlth   ++........               (no amulet)
HPRegen 0.24/turn                (no ring)
MPRegen 0.08/turn                (no ring)

@: no status effects
A: sickness immunity, AC +3, negative energy resistance 1, electricity
resistance, torment resistance 1, petrification resistance
a: no special abilities


You were on level 2 of the Dungeon.
You visited 1 branch of the dungeon, and saw 2 of its levels.

You collected 44 gold pieces.

Inventory:

Hand Weapons
 a - a +0 mace (weapon)
Armour
 b - a +0 robe (worn)
Scrolls
 e - a scroll of amnesia {unknown}
 g - a scroll of enchant weapon {unknown}
 h - a scroll of blinking {unknown}
 i - a scroll of enchant armour {unknown}
Potions
 c - a potion of ambrosia
 d - a potion of lignification {unknown}
 f - a potion of magic {unknown}


   Skills:
 + Level 3.7 Fighting
 + Level 3.4 Maces & Flails
 + Level 2.6 Dodging
 + Level 2.3 Stealth


You had 2 spell levels left.
You didn't know any spells.
Your spell library was empty.

Dungeon Overview and Level Annotations

Branches:
Dungeon (1/15)

Altars:


Innate Abilities, Weirdness & Mutations

You are immune to sickness and miasma.
Your stone body is resilient. (AC +3)
You are immune to poison.
You resist negative energy. (rN+)
You are resistant to electric shocks. (rElec)
You are resistant to unholy torment.
You are immune to petrification.


Message History

The shaft crumbles and collapses.
A giant cockroach comes into view.
The giant cockroach closely misses you.
You hit the giant cockroach.
You kill the giant cockroach!
A worm and a goblin come into view.
The goblin shouts!
You hear an angry hiss.
An adder comes into view.
The goblin closely misses you.
You hit the goblin.
You kill the goblin!
You have reached level 3!
Your experience leads to an increase in your attributes!
Increase (S)trength, (I)ntelligence, or (D)exterity?
You feel stronger. x2
Things that are here:
a +0 club; a goblin corpse The adder closely misses you.
You miss the adder. The adder bites you. x2
You barely miss the adder. The adder bites you.
You closely miss the adder. The adder bites you. x2
You hit the adder.
The adder is moderately wounded.
The adder bites you. The worm closely misses you. The adder barely misses you.
You miss the adder.
The adder is moderately wounded.
The adder bites you. The worm bites you!
* * * LOW HITPOINT WARNING * * *
You closely miss the adder.
The adder is moderately wounded.
The adder bites you but does no damage. The adder closely misses you.
The worm closely misses you.
You closely miss the adder.
The adder is moderately wounded.
The adder bites you but does no damage. The adder bites you.
* * * LOW HITPOINT WARNING * * *
You hit the adder.
The adder is heavily wounded.
The adder bites you.
You die...

#. ###.### .....##..
#.....# .........
#.....# #.......#
#.....##### #.......#
#.........# #.......#
#.........# #.......#
#.........# #.......#
#.....##### #@S.....#
#.....#######)w.....#
#..............######
###.#..........#
...#..........#
###.#..........#
#.#..........#
#.#..........#
............#


You could see a worm and an adder.

Vanquished Creatures
  A dart slug (D:1)
  5 bats (D:1)
  3 endoplasms (D:1)
  2 giant cockroaches
  2 hobgoblins (D:1)
  2 ball pythons (D:1)
  2 goblins
  A kobold (D:1)
  A rat (D:1)
19 creatures vanquished.

Notes
Turn   | Place    | Note
-------+----------+-------------------------------------------
     0 | D:1      | HolyTactitian the Gargoyle Monk began the quest for the
                  | Orb.
     0 | D:1      | Reached XP level 1. HP: 14/14 MP: 1/1
   133 | D:1      | Reached XP level 2. HP: 17/19 MP: 2/2
   700 | D:1      | You fall into a shaft and drop 1 floor!
   718 | D:2      | Reached XP level 3. HP: 24/24 MP: 3/3
   727 | D:2      | Slain by an adder

Illustrated notes

Levels and vault maps discovered:
D:1:      dpeg_arrival_simpleton_c, layout_loops_ring
D:2:      layout_basic, minmay_door_square

Action                   || total
-------------------------++-------
Melee: Mace              ||    69
Armor: Robe              ||    22
Dodge: Dodged            ||    69

Table legend: (Time is in decaauts)
 A = Elapsed time spent in this place.
 B = Non-inter-level travel time spent in this place.
 C = Inter-level travel time spent in this place.
 D = Time resting spent in this place.
 E = Time spent auto-exploring this place.
 F = Levels seen in this place.
 G = Mean time per level.
                   A        B        C        D        E       F      G
               +--------+--------+--------+--------+--------+-----+--------+
         Total |    742 |    742 |      0 |    159 |      0 |   2 |  371.0 |
       Dungeon |    742 |    742 |      0 |    159 |      0 |   2 |  371.0 |
               +--------+--------+--------+--------+--------+-----+--------+

Top non-repeatable levels by time:
     D:1: 714 daAuts
     D:2: 28 daAuts
